 Dungeon Crawl Stone Soup version 0.30.0-13-g156ef70053 (webtiles) character file.

Game seed: 5292534867200964787

31794 Strat the Severer (level 13, -10/126 HPs)
             Began as a Minotaur Berserker on May 17, 2023.
             Was a High Priest of Trog.
             Mangled by a death yak (15 damage)
             ... on level 5 of the Lair of Beasts.
             The game lasted 00:38:20 (9048 turns).

Strat the Severer (Minotaur Berserker)              Turns: 9048, Time: 00:38:20

Health: -10/126    AC: 20    Str: 27    XL:     13   Next: 27%
Magic:  12/12      EV:  8    Int:  4    God:    Trog [*****.]
Gold:   2003       SH:  5    Dex: 10    Spells: 12/12 levels left

rFire   . . .        a - +0 broad axe (flame)
rCold   . . .        v - +0 buckler
rNeg    . . .        i - +3 plate armour
rPois   +            (helmet restricted)
rElec   .            (no cloak)
rCorr   .            R - +1 pair of gloves
SInv    .            (no boots)
Will    .....        (no amulet) Stlth
                     I - +4 ring of slaying
HPRegen 0.41/turn    y - ring of poison resistance
MPRegen 0.13/turn

%: no passive effects
@: mighty
A: horns 2, retaliatory headbutt
a: Renounce Religion, Berserk, Trog's Hand, Brothers in Arms


You were on level 5 of the Lair of Beasts.
You worshipped Trog.
Trog was extremely pleased with you.
You visited 2 branches of the dungeon, and saw 14 of its levels.
You also visited: Sewer and Bailey.

You collected 2003 gold pieces.

Inventory:

Hand Weapons
 a - a +0 broad axe of flaming (weapon)
 d - a +1 hand axe
 B - a +2 flail of holy wrath
Missiles
 g - 44 poisoned darts (quivered)
 x - 5 datura-tipped darts
 F - 6 curare-tipped darts
Armour
 i - a +3 plate armour (worn)
 v - a +0 buckler (worn)
 R - a +1 pair of gloves (worn)
Jewellery
 c - a +6 ring of intelligence
 q - a ring of willpower
 y - a ring of poison resistance (right hand)
 I - a +4 ring of slaying (left hand)
Wands
 G - a wand of paralysis (10)
 M - a wand of iceblast (5)
 Q - a wand of mindburst (2)
Scrolls
 f - a scroll of fog
 n - 7 scrolls of poison
 K - a scroll of silence
 P - a scroll of enchant weapon
Potions
 j - 5 potions of flight
 k - 3 potions of attraction
 l - 3 potions of degeneration {unknown}
 o - 4 potions of cancellation
 p - a potion of berserk rage {unknown}
 r - 2 potions of heal wounds
 s - 3 potions of invisibility {unknown}
 t - a potion of ambrosia {unknown}
 u - 4 potions of mutation
 w - 4 potions of haste {unknown}
 z - 2 potions of magic {unknown}
 A - 3 potions of lignification {unknown}
 C - 5 potions of brilliance {unknown}
 E - 4 potions of resistance {unknown}
 J - a potion of might
 N - a potion of curing


   Skills:
 - Level 15.0 Fighting
 - Level 18.0 Axes
 + Level 10.7 Armour
 - Level 2.1 Dodging
 - Level 5.0 Shields
 + Level 6.7 Evocations


You had 12 spell levels left.
You didn't know any spells.
Your spell library was empty.

Dungeon Overview and Level Annotations

Branches:
Dungeon (9/15)             Temple (0/1) D:7            Lair (5/5) D:9
 Shoals (0/4) Lair:3        Snake (0/4) Lair:3        Sewer (visited)
 Bailey (visited)
  Slime: Lair:4-5       Orc: D:9-12

Altars:
Ashenzari
Dithmenos
Elyvilon
Makhleb
Nemelex Xobeh
Okawaru
Qazlal
Vehumet
Yredelemnul
Zin

Shops:
D:4 (

Annotations:
D:6 Sigmund


Innate Abilities, Weirdness & Mutations

You have a pair of horns on your head.
You reflexively headbutt those who attack you in melee.


Message History

The death yak gores you.
* * * LOW HITPOINT WARNING * * *
You slash the death yak! You burn the death yak.
The death yak is moderately wounded.
You hit the death yak. You burn the death yak.
The death yak gores you but does no damage.
The death yak gores you.
* * * LOW HITPOINT WARNING * * *
You slice the death yak!! You burn the death yak! You headbutt the death yak!
The death yak is almost dead.
You hit the death yak but do no damage. The death yak gores you!
* * * LOW HITPOINT WARNING * * *
The death yak gores you!
* * * LOW HITPOINT WARNING * * *
You slice the death yak!! You burn the death yak.
You kill the death yak!
Trog accepts your kill.
You hit the death yak. You burn the death yak. The death yak gores you!
* * * LOW HITPOINT WARNING * * *
Things that are here:
a death yak corpse; a death yak corpse You slash the death yak!
You burn the death yak.
The death yak is moderately wounded.
The death yak gores you but does no damage.
You slash the death yak! You burn the death yak.
The death yak is moderately wounded.
The death yak gores you!
* * * LOW HITPOINT WARNING * * *
You slash the death yak! You burn the death yak.
The death yak is severely wounded.
The death yak gores you!!
* * * LOW HITPOINT WARNING * * *
You slash the death yak! You burn the death yak!
Your headbutt misses the death yak.
The death yak is almost dead.
You hit the death yak. You burn the death yak.
The death yak is almost dead.
The death yak gores you!
You die...

... ##...## .# ..
##....## #.....P##
..#..#....#
.........##
........#####
...#........#
...####....##
..######.Y@####
......#.....#.#.##
............##...#
##.........#######
......#...## .
#...###...### ..##
#...###...#.#
....##..#.##....##
..#....#.....P#..#


You could see a death yak.

Vanquished Creatures
  Snorg (Lair:3)
  Josephine (Lair:3)
  2 hydras
  A catoblepas (Lair:5)
  A two-headed ogre (D:8)
  5 death yaks (Lair:5)
  A skyshark (Lair:5)
  A wolf spider (Lair:1)
  A molten gargoyle (Lair:2)
  A torpor snail (Lair:5)
  6 black mambas
  2 cane toads
  2 rime drakes
  5 komodo dragons
  5 blink frogs (Lair:3)
  Prince Ribbit (D:6)
  A snapping turtle (Lair:3)
  8 dream sheep (Lair:5)
  A shadow (D:9)
  5 wraiths (Lair:3)
  Eustachio (D:4)
  50 yaks
  3 wyverns
  3 basilisks
  Edmund (D:4)
  15 water moccasins
  6 ice beasts
  A sky beast (D:6)
  3 orc warriors
  2 centaurs
  25 wolves
  A phantom (D:7)
  4 kobold brigands
  A gnoll sergeant (D:8)
  5 scorpions
  12 bullfrogs
  3 wights (D:9)
  6 killer bees (D:9)
  A howler monkey (D:4)
  An electric eel (Lair:1)
  2 hounds (D:6)
  4 jellies
  4 orc priests
  A sleepcap (D:8)
  2 iguanas
  8 orc wizards
  Terence (D:2)
  Robin (D:4)
  12 gnolls
  11 adders
  3 river rats (Sewer)
  3 white imps
  4 dart slugs
  35 orcs
  10 ball pythons
  5 bats
  15 endoplasms
  8 giant cockroaches
  18 goblins
  13 hobgoblins
  21 kobolds
  6 quokkas
  5 frilled lizards
  11 rats
398 creatures vanquished.

Notes
Turn   | Place    | Note
-------+----------+-------------------------------------------
     0 | D:1      | Strat the Minotaur Berserker began the quest for the Orb.
     0 | D:1      | Reached XP level 1. HP: 19/19 MP: 0/0
    95 | D:1      | Reached skill level 4 in Axes
   141 | D:1      | Reached XP level 2. HP: 26/26 MP: 1/1
   442 | D:1      | Reached skill level 5 in Axes
   467 | D:1      | Reached ** piety under Trog
   518 | D:1      | Reached XP level 3. HP: 27/31 MP: 2/2
   621 | D:2      | Noticed Terence
   752 | D:2      | Killed Terence
   753 | D:2      | Reached skill level 6 in Axes
   753 | D:2      | Reached XP level 4. HP: 39/39 MP: 3/3
  1091 | D:2      | Found a radiant altar of Vehumet.
  1709 | D:3      | Found a glowing drain.
  1718 | Sewer    | Entered a sewer
  1802 | Sewer    | Reached XP level 5. HP: 45/45 MP: 4/4
  1820 | Sewer    | Reached skill level 7 in Axes
  1821 | Sewer    | Reached *** piety under Trog
  1956 | Sewer    | Found a viscous altar of Jiyva.
  2036 | Sewer    | Reached skill level 8 in Axes
  2084 | D:3      | Found a sparkling altar of Nemelex Xobeh.
  2097 | D:3      | Reached XP level 6. HP: 47/51 MP: 5/5
  2103 | D:3      | Found an iron altar of Okawaru.
  2107 | D:3      | Found a shadowy altar of Dithmenos.
  2110 | D:3      | Found a white marble altar of Elyvilon.
  2117 | D:3      | Found a burning altar of Makhleb.
  2123 | D:3      | Found a basalt altar of Yredelemnul.
  2348 | D:4      | Noticed Edmund
  2363 | D:4      | Killed Edmund
  2364 | D:4      | Reached skill level 9 in Axes
  2452 | D:4      | Noticed Eustachio
  2504 | D:4      | Killed Eustachio
  2505 | D:4      | Reached skill level 10 in Axes
  2505 | D:4      | Reached XP level 7. HP: 12/58 MP: 6/6
  2566 | D:4      | Reached **** piety under Trog
  2618 | D:4      | Noticed Robin
  2649 | D:4      | Killed Robin
  2733 | D:4      | Found a glowing silver altar of Zin.
  2816 | D:4      | Found Bitogukoa's Weapon Boutique.
  2858 | D:5      | Entered Level 5 of the Dungeon
  2863 | D:5      | Found a stormy altar of Qazlal.
  3241 | D:5      | Found a radiant altar of Vehumet.
  3416 | D:6      | Reached skill level 5 in Fighting
  3421 | D:6      | Reached XP level 8. HP: 68/68 MP: 7/7
  3543 | D:6      | Noticed Prince Ribbit
  3559 | D:6      | Killed Prince Ribbit
  3560 | D:6      | Reached skill level 11 in Axes
  3560 | D:6      | Reached skill level 5 in Armour
  3700 | D:6      | Noticed Sigmund
  3791 | D:7      | Found a staircase to the Ecumenical Temple.
  3821 | D:7      | Found a flagged portal.
  3830 | Bailey   | Entered a bailey
  4059 | Bailey   | HP: 1/67 [gnoll/+1 halberd of electrocution (6)]
  4140 | Bailey   | Acquired 1097 gold pieces
  4310 | D:7      | Reached XP level 9. HP: 79/79 MP: 8/8
  4416 | D:8      | Reached skill level 12 in Axes
  4751 | D:8      | Noticed a two-headed ogre
  4760 | D:8      | Killed a two-headed ogre
  4944 | D:8      | Found a broken altar of Ashenzari.
  5390 | D:9      | Noticed a rime drake
  5396 | D:9      | Reached XP level 10. HP: 74/91 MP: 9/9
  5401 | D:9      | Reached ***** piety under Trog
  5410 | D:9      | Reached skill level 13 in Axes
  5575 | D:9      | Reached skill level 10 in Fighting
  5596 | D:9      | Found a staircase to the Lair.
  5696 | D:9      | Reached skill level 10 in Armour
  5757 | D:9      | Reached skill level 14 in Axes
  5785 | D:9      | Received a gift from Trog
  5905 | Lair:1   | Entered Level 1 of the Lair of Beasts
  6046 | Lair:1   | Reached skill level 15 in Axes
  6111 | Lair:1   | Noticed a cane toad
  6120 | Lair:1   | Killed a cane toad
  6144 | Lair:1   | Reached XP level 11. HP: 48/99 MP: 10/10
  6251 | Lair:1   | Noticed a wolf spider
  6260 | Lair:1   | Killed a wolf spider
  6261 | Lair:1   | Reached skill level 16 in Axes
  6573 | Lair:2   | Reached skill level 17 in Axes
  6756 | Lair:2   | Noticed a five-headed hydra
  6994 | Lair:2   | Killed a four-headed hydra
  6995 | Lair:2   | Reached skill level 18 in Axes
  6995 | Lair:2   | Reached skill level 1 in Shields
  7130 | Lair:2   | Reached skill level 5 in Shields
  7143 | Lair:2   | Reached skill level 1 in Evocations
  7359 | Lair:3   | Noticed Josephine
  7371 | Lair:3   | Reached XP level 12. HP: 107/107 MP: 11/11
  7373 | Lair:3   | Killed Josephine
  7396 | Lair:3   | Found a staircase to the Snake Pit.
  7502 | Lair:3   | Noticed Snorg
  7511 | Lair:3   | Killed Snorg
  7581 | Lair:3   | Found a staircase to the Shoals.
  7695 | Lair:3   | Received a gift from Trog
  7707 | Lair:3   | Reached skill level 5 in Evocations
  8343 | Lair:5   | Entered Level 5 of the Lair of Beasts
  8661 | Lair:5   | Noticed an eight-headed hydra
  8720 | Lair:5   | Killed an eight-headed hydra
  8783 | Lair:5   | Noticed a catoblepas
  8831 | Lair:5   | Reached XP level 13. HP: 89/125 MP: 12/12
  8915 | Lair:5   | Reached skill level 15 in Fighting
  9046 | Lair:5   | HP: 4/126 [death yak (18)]
  9048 | Lair:5   | Mangled by a death yak

Illustrated notes

Levels and vault maps discovered:
D:1:      dpeg_arrival_prison, layout_basic, corexii_corridor_pit,
          minmay_pentomino_v2
D:2:      layout_loops_cross, basic_altar, cheibrodos_gnoll_hut, uniq_terence
D:3:      layout_loops_corners, yredelemnul_altar_generic,
          nicolae_overflow_hallway_of_the_gods, portal_sewer_entry_d,
          corexii_shack, lightli_corner_chamber
D:4:      layout_loops_ring, mainiacjoe_overflow_catwalk, serial_shops,
          nicolae_shop_pleasant_corner_grove, uniq_robin, uniq_eustachio,
          uniq_edmund
D:5:      layout_gridville, vehumet_altar_wand_db,
          mainiacjoe_overflow_cross_hatched, hangedman_abyss_or_decor_stagger
D:6:      layout_basic, lemuel_round_altar, hex_tiny,
          chequers_serial_rivers_micro_e, uniq_prince_ribbit1, uniq_sigmund,
          uniq_crazy_yiuf_cottage
D:7:      layout_basic, minmay_temple_entry_trees, enter_bailey_2,
          corexii_item_surrounded_by_moat, sigmund_army
D:8:      cheibrodos_quashed, layout_basic, evilmike_ruin_ashenzari
D:9:      layout_loops_cross, hellmonk_lair_entry_icy, the_hattery
Lair:1:   layout_roguey, nicolae_lair_run_with_the_wolves, grunt_megastairs_4,
          infiniplex_staircase_pool, serial_bayou_shore_a
Lair:2:   layout_gridlike, grunt_megastairs_1
Lair:3:   layout_chaotic_city, minmay_shoals_entry_hut,
          minmay_snake_entry_six_corridors, grunt_megastairs_5, uniq_snorg,
          uniq_josephine
Lair:4:   layout_roguey
Lair:5:   grunt_lair_end_beastmaster, layout_layer_cave,
          minmay_slime_entry_eyes, grunt_megastairs_3

Skill      XL: |  1  2  3  4  5  6  7  8  9 10 11 12 13 |
---------------+----------------------------------------+-----
Axes           | 4 5 6 8 10 11 12 15 18 | 18.0
Fighting       | 5 7 9 10 14 15 | 15.0
Armour         | 4 6 8 10 | 10.7
Shields        | 5 |  5.0
Evocations     | 2 6 |  6.7
Dodging        | |  2.1

Action                     |  1- 3 |  4- 6 |  7- 9 | 10-12 | 13-15 || total
---------------------------+-------+-------+-------+-------+-------++-------
  Melee: Hand axe          |    75 |   185 |    32 |       |       ||   292
         Headbutt          |     6 |    24 |    55 |    87 |    10 ||   182
         War axe           |       |       |   264 |       |       ||   264
         Broad axe         |       |       |    12 |   462 |    48 ||   522
 Invoke: Berserk           |     1 |     1 |     2 |     2 |       ||     6
  Evoke: Wand              |       |       |     2 |    14 |       ||    16
    Use: Scroll            |       |       |    22 |     7 |       ||    29
         Potion            |       |       |     6 |     9 |     1 ||    16
   Stab: Sleeping          |     1 |       |       |       |       ||     1
         Paralysed         |       |       |       |     3 |       ||     3
 Armour: Animal skin       |     3 |       |       |       |       ||     3
         Leather armour    |    11 |       |       |       |       ||    11
         Chain mail        |       |    82 |    95 |       |       ||   177
         Plate armour      |       |       |    62 |   239 |    13 ||   314
  Dodge: Dodged            |    40 |    84 |   124 |   140 |     7 ||   395
  Block: Buckler           |       |     7 |    23 |    71 |     8 ||   109
